 Dungeon Crawl Stone Soup version 0.29.1-1-gd02db6906a (webtiles) character file.

Game seed: 14355870061004955572

4 Doomgape the Caller (level 1, 0/7 HPs)
             Began as a Felid Summoner on Sept 18, 2022.
             Slain by a kobold
             ... wielding a +0 dagger
              (4 damage)
             ... on level 1 of the Dungeon.
             The game lasted 00:01:18 (303 turns).

Doomgape the Caller (Felid Summoner)                 Turns: 303, Time: 00:01:18

Health: 0/7        AC:  1    Str:  4    XL:     1   Next: 58%
Magic:  0/4        EV: 17    Int: 16    God:
Gold:   0          SH:  0    Dex: 16    Spells: 3/4 levels left
                                        Lives:  0   Deaths: 0

rFire   . . .      SeeInvis +   (weapon unavailable)
rCold   . . .      Faith    .   (shield unavailable)
rNeg    . . .      Spirit   .   (body armour unavailable)
rPois   .          Reflect  .   (helmet unavailable)
rElec   .          Harm     .   (cloak unavailable)
rCorr   .          Rampage  .   (gloves unavailable)
Will    .....                   (boots unavailable)
Stlth   ++........              (no amulet)
HPRegen 0.02/turn               (no ring)
MPRegen 0.09/turn               (no ring)

@: quick
A: very small, claws 1, fangs 3, see invisible, speed 1, shaggy fur 1, stealthy
paws, no weapons or thrown items, no armour, multi-lived
a: no special abilities


You were on level 1 of the Dungeon.
You visited 1 branch of the dungeon, and saw 1 of its levels.

Inventory:

Potions
 a - a potion of magic
 b - 3 potions of curing {unknown}


   Skills:
 - Level 2.6 Dodging
 - Level 2.6 Stealth
 + Level 2.2 Spellcasting
 + Level 4.1 Summonings


You had 3 spell levels left.
You knew the following spells:

 Your Spells              Type           Power      Damage    Failure   Level
a - Summon Small Mammal   Summ           60%        N/A       3%          1

Your spell library contained the following spells:

 Spells                   Type           Power      Damage    Failure   Level
 Call Imp                 Summ           15%        N/A       5%          2
 Call Canine Familiar     Summ           15%        N/A       11%         3
 Summon Guardian Golem    Hex/Summ       8%         N/A       26%         3
 Summon Lightning Spire   Summ/Air       8%         N/A       65%         4


Dungeon Overview and Level Annotations

Branches:
Dungeon (1/15)

Altars:

Shops:
D:1 (


Innate Abilities, Weirdness & Mutations

You have sharp claws.
You have razor-sharp teeth.
You have supernaturally acute eyesight. (SInv)
You cover ground quickly. (Speed+)
You are covered in fur. (AC +1)
Your paws help you pounce on unaware monsters.
You are incapable of wielding weapons or throwing items.
You cannot wear armour.
You gain extra lives every three experience levels.


Message History

A kobold comes into view. It is wielding a +0 dagger.
A kobold is nearby!
A dart slug comes into view.
You swap places.
Casting: Summon Small Mammal (safe; 3% risk of failure)
Confirm with . or Enter, or press ? or * to list all spells.
The kobold shouts!
You hear a shout!
The kobold hits your quokka with a +0 dagger.
An endoplasm comes into view.
Your quokka barely misses the kobold.
The kobold barely misses your quokka.
Your quokka closely misses the kobold.
The kobold hits your quokka with a +0 dagger.
Your quokka barely misses the kobold.
Your quokka disappears in a puff of smoke!
The kobold closely misses your quokka.
Your quokka closely misses the kobold.
Casting: Summon Small Mammal (safe; 3% risk of failure)
Confirm with . or Enter, or press ? or * to list all spells.
Your quokka closely misses the kobold.
The kobold hits your quokka with a +0 dagger.
Your quokka dies!
Your quokka's corpse disappears in a puff of smoke!
The dart slug launches a dart at you. The slug dart misses you.
Casting: Summon Small Mammal (safe; 3% risk of failure)
Confirm with . or Enter, or press ? or * to list all spells.
A kobold comes into view. It is wielding a +0 dagger.
The dart slug launches a dart at you. The slug dart hits your rat.
Your rat dies!
Your rat's corpse disappears in a puff of smoke!
You swap places.
A ball python comes into view.
You swap places.
The kobold completely misses your bat. The kobold hits you with a +0 dagger.
Casting: Summon Small Mammal (safe; 3% risk of failure)
Confirm with . or Enter, or press ? or * to list all spells.
The kobold hits your bat with a +0 dagger.
The kobold hits you with a +0 dagger.
Ouch! That really hurt!
You die...

#..######
.....JK.# .##
##@##
.....###b#r###
#....SK###w..w...
#..####r#.#######
##..# ##.# #.#
#.# #.# #.# #.#
#.# #.#


You could see a dart slug (ally target), an endoplasm, a ball python, 2 kobolds,
a friendly bat (summoned) and a friendly rat (summoned).

Vanquished Creatures (collateral kills)
  A ball python (D:1)
  A giant cockroach (D:1)
  A bat (D:1)
  A goblin (D:1)
  A kobold (D:1)
5 creatures vanquished.

Notes
Turn   | Place    | Note
-------+----------+-------------------------------------------
     0 | D:1      | Doomgape the Felid Summoner began the quest for the Orb.
     0 | D:1      | Reached XP level 1. HP: 7/7 MP: 4/4
    89 | D:1      | Found Taeg's Weapon Shoppe.
   303 | D:1      | Slain by a kobold

Illustrated notes

Levels and vault maps discovered:
D:1:      evilmike_arrival_crescent, layout_loops_ring, serial_shops,
          nicolae_lakefront_shop

Action                   || total
-------------------------++-------
 Cast: Summon Small Mamm ||    15
Dodge: Dodged            ||     4
